 Dungeon Crawl Stone Soup version 0.31.0-9-g3a7656b989 (webtiles) character file.

Game seed: 13562690809808836038

88111 EnegeticOcto the Severer (level 15, -5/141 HPs)
             Began as a Hill Orc Fighter on Feb 4, 2024.
             Was an Elder of Beogh.
             Slain by an ettin
             ... wielding a +0 dire flail
              (30 damage)
             ... on level 15 of the Dungeon.
             The game lasted 00:27:08 (22116 turns).

EnegeticOcto the Severer (Hill Orc Fighter)        Turns: 22116, Time: 00:27:08

Health: -5/141     AC: 20    Str: 30    XL:     15   Next: 92%
Magic:  25/25      EV: 15    Int: 12    God:    Beogh [****..]
Gold:   566        SH:  7    Dex:  7    Spells: 14/14 levels left

rFire   + + +        u - +6 war axe "Zeowuosso" {flame, rPois rF++ Int+2 Dex-3}
rCold   + . .        c - +1 buckler
rNeg    . . .        I - +2 chain mail {rPois}
rPois   +            q - +2 helmet
rElec   +            x - scarf {rC+ rF+}
rCorr   .            L - +0 pair of gloves
SInv    .            O - +0 pair of boots
Will    +....        P - amulet of regeneration Stlth
                     n - +5 ring of evasion
HPRegen 1.23/turn    U - ring "Egiloiru" {rElec Str+3 Int+2 Slay+4}
MPRegen 0.19/turn

%: no passive effects
@: no status effects
A: subdued magic 1
a: Renounce Religion, Smiting, Recall Orcish Followers


You were on level 15 of the Dungeon.
You worshipped Beogh.
Beogh was greatly pleased with you.
You visited 3 branches of the dungeon, and saw 22 of its levels.
You also visited: Ossuary and Bailey.

You collected 2247 gold pieces.
You spent 1681 gold pieces at shops.

Inventory:

Hand Weapons
 u - the +6 war axe "Zeowuosso" (weapon) {flame, rPois rF++ Int+2 Dex-3}
   (You bought it in a shop on level 3 of the Dungeon)

   Int+2:     It affects your intelligence (+2).
   Dex-3:     It affects your dexterity (-3).
   rF++:      It greatly protects you from fire.
   rPois:     It protects you from poison
 N - a +4 broad axe of protection
   (You took it off a spriggan in a bailey)
Missiles
 o - 8 curare-tipped darts
 w - 5 javelins
 H - 3 throwing nets (quivered) {!f}
Armour
 c - a +1 buckler (worn)
 q - a +2 helmet (worn)
   (You bought it in a shop on level 5 of the Dungeon)
 x - a scarf of resistance (worn)
   (You found it on level 5 of the Dungeon)
 I - a +2 chain mail of poison resistance (worn)
   (You took it off Harold on level 9 of the Dungeon)
 L - a +0 pair of gloves (worn)
   (You found it on level 9 of the Dungeon)
 O - a +0 pair of boots (worn)
   (You bought it in a shop on level 4 of the Dungeon)
Jewellery
 n - a +5 ring of evasion (left hand)
   (You found it on level 1 of the Lair of Beasts)
 s - a ring of see invisible
   (You took it off Erica on level 8 of the Dungeon)
 y - a ring of willpower
   (You found it on level 14 of the Dungeon)
 P - an amulet of regeneration (around neck)
   (You found it on level 1 of the Lair of Beasts)
 U - the ring "Egiloiru" (right hand) {rElec Str+3 Int+2 Slay+4}
   (You bought it in a shop on level 2 of the Orcish Mines)

   [ring of slaying]

   Str+3:     It affects your strength (+3).
   Int+2:     It affects your intelligence (+2).
   Slay+4:    It affects your accuracy & damage with ranged weapons and melee
   (+4).
   rElec:     It insulates you from electricity.
 W - a ring of flight
   (You found it on level 11 of the Dungeon)
 Z - a ring of protection from cold
   (You found it on level 14 of the Dungeon)
Wands
 a - a wand of iceblast (6) {@v2}
   (You took it off a gnoll on level 10 of the Dungeon)
 j - a wand of paralysis (23)
   (You found it on level 8 of the Dungeon)
 B - a wand of flame (18) {@v4}
   (You found it on level 1 of the Lair of Beasts)
 G - a wand of polymorph (9)
   (You found it on level 8 of the Dungeon)
 S - a wand of mindburst (32)
   (You found it on level 2 of the Lair of Beasts)
Scrolls
 d - 5 scrolls of fog {!r}
 e - 4 scrolls of blinking {@r4}
 k - 8 scrolls of teleportation {@r3 !r}
 l - a scroll of summoning {!r}
 p - 5 scrolls of poison {!r}
 E - 2 scrolls of immolation
 F - 3 scrolls of vulnerability
 J - 3 scrolls of fear {!r}
 K - a scroll of silence {!r}
 Q - 5 scrolls of revelation {@r5 !r}
 R - 7 scrolls of identify {@r1}
Potions
 b - a potion of cancellation
 f - a potion of berserk rage
 g - a potion of ambrosia
 h - 12 potions of curing {@q1 !q}
 i - 3 potions of magic
 m - 4 potions of heal wounds {@q2 !q}
 r - 2 potions of invisibility
 t - 5 potions of brilliance
 v - 2 potions of enlightenment
 z - 2 potions of mutation
 A - 4 potions of haste {@q4 !q}
 C - 5 potions of might {@q3 !q}
 D - 2 potions of resistance
 M - a potion of lignification {@q6}
 T - a potion of attraction
Miscellaneous
 V - a phial of floods
   (You found it on level 5 of the Lair of Beasts)
 X - a phantom mirror
   (You found it on level 12 of the Dungeon)
 Y - a box of beasts
   (You found it on level 12 of the Dungeon)


   Skills:
 + Level 15.2 Fighting
 + Level 19.0 Axes
 + Level 11.4 Armour
 + Level 4.1 Dodging
 + Level 13.8 Shields
 + Level 13.5 Invocations
 + Level 6.5 Evocations


You had 14 spell levels left.
You didn't know any spells.
Your spell library contained the following spells:

 Spells                   Type           Power      Damage    Failure   Level
 Apportation              Tloc           0%         N/A       71%         1
 Freeze                   Ice            0%         1d3       71%         1
 Sting                    Conj/Alch      0%         1d3       71%         1
 Cigotuvi's Dreadful Rot  Necr/Alch/Air  0%         N/A       83%         2
 Ensorcelled Hibernation  Hex/Ice        0%         N/A       83%         2
 Jinxbite                 Hex            0%         N/A       83%         2
 Mercury Vapours          Alch/Air       0%         N/A       83%         2
 Sublimation of Blood     Necr           0%         N/A       83%         2
 Call Canine Familiar     Summ           0%         N/A       97%         3
 Frozen Ramparts          Ice            0%         1d1       97%         3
 Hailstorm                Conj/Ice       0%         3d5       97%         3
 Inner Flame              Hex/Fire       0%         N/A       97%         3
 Mephitic Cloud           Conj/Alch/Air  0%         N/A       97%         3
 Passwall                 Erth           0%         N/A       97%         3
 Sigil of Binding         Hex            0%         N/A       97%         3
 Swiftness                Air            0%         N/A       97%         3
 Dimensional Bullseye     Hex/Tloc       0%         N/A       100%        4
 Dispel Undead            Necr           0%         3d6       100%        4
 Flame Wave               Conj/Fire      0%         2d4       100%        4
 Martyr's Knell           Necr/Summ      0%         N/A       100%        4
 Olgreb's Toxic Radiance  Alch           0%         N/A       100%        4
 Petrify                  Alch/Erth      0%         N/A       100%        4
 Sticky Flame             Fire/Alch      0%         2d4       100%        4
 Alistair's Intoxication  Alch           0%         N/A       100%        5
 Freezing Cloud           Conj/Ice/Air   0%         6-21      100%        5
 Irradiate                Conj/Alch      0%         3d11      100%        5
 Summon Forest            Summ/Tloc      0%         N/A       100%        5
 Summon Mana Viper        Hex/Summ       0%         N/A       100%        5
 Death Channel            Necr           0%         N/A       100%        6
 Summon Cactus Giant      Summ           0%         N/A       100%        6


Dungeon Overview and Level Annotations

Branches:
Dungeon (15/15) Zot: 26531  Temple (0/1) D:5            Lair (5/5) D:10 Zot: 25516
 Shoals (0/4) Lair:3       Spider (0/4) Lair:3        Slime (0/5) Lair:5
    Orc (2/2) D:11 Zot: 10661     Elf (0/3) Orc:2        Vaults (0/5) D:13
 Depths (0/4) D:15        Ossuary (visited)          Bailey (visited)

Altars:
Dithmenos
Okawaru
Qazlal
Sif Muna
Uskayaw
Vehumet
Xom
Yredelemnul
Jiyva

Shops:
D:3 :((   D:4 [   D:5 [   D:9 ?   D:11 (   Orc:1 [   Orc:2 ![=!:

Portals:
Ice
Cave: D:13

Annotations:
D:6 2 transporters, gareppa's ghost, novice GrFi
D:8 2 exclusions
D:10 Nergalle
Lair:5 exclusion: 3 doors, Josephine


Innate Abilities, Weirdness & Mutations

Your spells are a little easier to cast, but a little less powerful.


Message History

Press: ? - help, Dir - move target, f/p - Rupert Smite: Rupert, wielding a +0 battleaxe of freezing and wearing a +0 chain mail (severely wounded, ally target)
You smite Rupert!!
Rupert is severely wounded.
Korbok hits Rupert but does no damage.
Rupert roars wildly at you.
Korbok resists with some effort.
Korbok hits Rupert with a +7 flail!!
Rupert dies!
Beogh accepts your kill.
Magic restored.
Things that are here:
a +0 battleaxe of freezing; a +0 chain mail; the human corpse of Rupert You open the door.
Found a leather armour.
A yaktaur comes into view.
The yaktaur shouts!
The yaktaur wields a +0 arbalest.
The yaktaur shoots a bolt.
The bolt barely misses you.
There is an open door here.
A yaktaur is nearby!
The yaktaur shoots a bolt.
The bolt misses you.
The yaktaur shoots a bolt.
The bolt hits you!
The yaktaur shoots a bolt.
The bolt misses you.
Korbok blocks the bolt.
The yaktaur shoots a bolt.
The bolt misses you.
Korbok blocks the bolt.
The yaktaur shoots a bolt.
The bolt hits you.
The yaktaur unwields a +0 arbalest.
The yaktaur barely misses you.
You completely miss the yaktaur. You barely miss the yaktaur.
The yaktaur hits you but does no damage.
You hit the yaktaur. You burn the yaktaur.
The yaktaur is lightly wounded.
Korbok hits the yaktaur with a +7 flail!!
The yaktaur barely misses you.
You slash the yaktaur! You burn the yaktaur.
The yaktaur is almost dead.
Korbok hits the yaktaur with a +7 flail!
The yaktaur dies!
Beogh accepts your kill.
No target in view!
You open the door.
There is an open door here.
Found 2 stones.
R - 7 scrolls of identify {@r1} (gained 1)
G - a wand of polymorph (9) (gained 5 charges)
You open the door.
There is an open door here.
You open the door.
There is an open door here.
Found a stone staircase leading up.
You now have 566 gold pieces (gained 23).
You open the door.
There is an open door here.
An ettin and a tengu warrior come into view.
The ettin is wielding a +0 dire flail and a +2 dire flail of protection.
Found a staircase to the Depths.
The ettin shouts in stereo!
The tengu warrior shouts!
The tengu warrior moves out of view.
An ettin is nearby!
The ettin hits you with a +0 dire flail!
The ettin hits you but does no damage.
You hit the ettin. You burn the ettin.
The ettin is lightly wounded.
You barely miss the ettin.
The ettin is lightly wounded.
The ettin closely misses you.
The ettin hits you with a +2 dire flail of protection!
You slash the ettin! You burn the ettin.
The ettin is moderately wounded.
You miss the tengu warrior. The ettin barely misses you.
The ettin hits you with a +2 dire flail of protection!!!
The tengu warrior barely misses you. You block the tengu warrior's attack.
The tengu warrior closely misses you.
You are too injured to fight recklessly!
You are too injured to fight recklessly!
You are too injured to fight recklessly!
You are too injured to fight recklessly!
You hit the ettin but do no damage.
The ettin is moderately wounded.
You miss the tengu warrior. The ettin closely misses you.
The ettin hits you with a +2 dire flail of protection!!
You block the tengu warrior's attack. x2; The tengu warrior claws you.
You slice the ettin!! You burn the ettin!
The ettin is severely wounded.
You barely miss the tengu warrior. You hit the ettin but do no damage.
The ettin is severely wounded.
You slash the tengu warrior! You burn the tengu warrior.
The ettin hits you with a +0 dire flail!!
* * * LOW HITPOINT WARNING * * *
You block the ettin's attack. You block the tengu warrior's attack.
The tengu warrior pecks you but does no damage.
The tengu warrior claws you but does no damage.
You slash the ettin! You burn the ettin.
The ettin is almost dead.
You barely miss the tengu warrior.
The ettin hits you with a +0 dire flail!
* * * LOW HITPOINT WARNING * * *
The ettin hits you with a +2 dire flail of protection!!
You die...

.........#.)○..#..#.....).#......
......#.#.#)#..#..#########......
..)......#...#.#.................
...#####.#.....###########.......
...# #.#⌠..#.+...## #..#####
...#####.####+####..######..#
...........+.#..>#..........#
.)#'###+####....C#.########.#
..#.......)# #.Q@#........#.#####
..#...[....#..#.#.#.#.....#......
#.#........#.....#........#......
#.#........#####.#........'......
..#.........# ..#........#......
..+.........# ....#.......#......
..#'####....#.....#.......#......
.......######.....#.......#...<..
....#..############.......#......


You could see an ettin and a tengu warrior.

Vanquished Creatures
  Jorgrun (D:12)
  Gastronok (D:8)
  An ironbound preserver (D:13)
  5 hydras
  2 catoblepae (Lair:4)
  A rakshasa (D:13)
  Harold (D:9)
  Erica (D:8)
  3 boulder beetles
  4 centaur warriors
  An ogre mage (D:12)
  5 death yaks
  7 two-headed ogres
  A tengu warrior (D:13)
  2 orc high priests (Orc:2)
  Sonja (Lair:5)
  A hell knight (D:15)
  3 skysharks
  A skeletal warrior (D:13)
  An arcanist (D:15)
  3 deep elf pyromancers
  Pikel (D:6)
  5 orc sorcerers
  3 orc knights (Orc:2)
  12 ugly things
  A deep elf zephyrmancer (D:12)
  A necromancer (D:15)
  A meliai (D:12)
  4 cyclopes
  4 manticores
  7 elephants
  4 black mambas
  2 kobold blastminers (Orc:2)
  A rust devil (D:10)
  Joseph (D:8)
  A torpor snail (Lair:5)
  A gargoyle (D:12)
  10 cane toads
  2 kobold demonologists
  Maggie (D:6)
  An orange demon (D:10)
  An unseen horror (D:12)
  10 komodo dragons
  2 rime drakes
  3 trolls
  4 hornets
  2 red devils (D:10)
  5 polar bears
  A raiju (shapeshifter) (D:14)
  A tarantella (shapeshifter) (D:12)
  8 blink frogs
  2 centaur simulacra (D:13)
  2 dream sheep (Lair:5)
  6 slime creatures (D:12)
  4 spriggans (Bailey)
  A jumping spider (Lair:3)
  A basilisk (Lair:3)
  3 wraiths
  6 shadows
  38 yaks
  2 neqoxecs (D:10)
  2 wargs
  2 steam dragons
  A redback (Lair:3)
  A chaos spawn (D:10)
  A death yak simulacrum (D:13)
  3 vampire mosquitoes
  Edmund (D:6)
  15 water moccasins
  2 acid dragons
  An orc warrior (Orc:1)
  4 ice beasts
  A sky beast (D:8)
  A black bear (D:10)
  9 ogres
  7 wolves
  2 laughing skulls (D:14)
  13 centaurs
  2 phantoms
  A lemure (D:6)
  13 bullfrogs
  19 kobold brigands
  2 gnoll sergeants
  4 scorpions
  18 wights
  A burial acolyte (Ossuary)
  7 killer bees (D:9)
  4 howler monkeys
  8 electric eels
  4 crimson imps (D:9)
  2 bombardier beetles
  3 jellies
  3 hounds
  4 orc priests
  A gnoll bouda (D:4)
  2 iguanas
  A sleepcap (D:7)
  Terence (D:3)
  13 orc wizards
  A spriggan simulacrum (D:13)
  4 hell rats (Lair:5)
  A troll simulacrum (D:13)
  A wolf simulacrum (D:13)
  A mummy (Ossuary)
  9 adders
  19 gnolls
  2 naga simulacra (D:13)
  4 river rats (Lair:5)
  4 white imps
  2 dart slugs (D:2)
  A ribbon worm (D:2)
  19 orcs
  10 ball pythons
  3 endoplasms
  3 giant cockroaches
  7 goblins
  A hobgoblin (D:3)
  20 kobolds
  5 quokkas
  4 bats
  2 frilled lizards (D:1)
  4 gnoll skeletons (Ossuary)
  5 kobold skeletons (Ossuary)
  11 orc skeletons (Ossuary)
  10 rats
543 creatures vanquished.

Vanquished Creatures (collateral kills)
  Rupert (D:15)
  Snorg (Lair:5)
  A hydra (D:13)
  2 centaur warriors
  A two-headed ogre (D:12)
  A death yak (D:13)
  2 skeletal warriors (D:13)
  2 deep elf zephyrmancers (D:12)
  An ugly thing (D:14)
  2 orc sorcerers
  A cyclops (D:12)
  3 manticores
  An elephant (Lair:5)
  A cane toad (Lair:4)
  A dire elephant zombie (Lair:5)
  A kobold demonologist (D:13)
  A yaktaur (D:15)
  A tengu conjurer (D:15)
  2 trolls
  3 blink frogs (Lair:5)
  3 slime creatures (D:12)
  A shadow (D:12)
  3 yaks (Lair:5)
  A warg (Orc:2)
  3 vampire mosquitoes
  2 acid dragons
  A water moccasin (Lair:5)
  An ice beast (D:13)
  4 orc warriors
  A black bear (shapeshifter) (D:12)
  3 centaurs
  A gnoll sergeant (D:10)
  A scorpion (D:10)
  An elephant simulacrum (D:13)
  5 orc priests
  2 orc wizards
  A wolf simulacrum (D:13)
  A gnoll (D:10)
  A white imp (D:13)
  An ufetubus (D:13)
  7 orcs
  A kobold (D:12)
  2 rats (Lair:5)
76 creatures vanquished.

Vanquished Creatures (others)
  Nergalle (D:10)
  2 orc high priests (Orc:2)
  7 orc warriors
  2 orc knights (Orc:2)
  An orc sorcerer (Orc:2)
  9 orc priests
  8 orc wizards
  26 orcs
56 creatures vanquished.

Grand Total: 675 creatures vanquished

Notes
Turn   | Place    | Note
-------+----------+-------------------------------------------
     0 | D:1      | EnegeticOcto the Hill Orc Fighter began the quest for the
                  | Orb.
     0 | D:1      | Reached XP level 1. HP: 19/19 MP: 1/1
    85 | D:1      | Reached skill level 3 in Axes
   130 | D:1      | Reached XP level 2. HP: 27/27 MP: 2/2
   624 | D:2      | Reached skill level 4 in Fighting
   624 | D:2      | Reached XP level 3. HP: 32/33 MP: 3/3
   630 | D:2      | Reached skill level 4 in Axes
  1127 | D:3      | Noticed Terence
  1134 | D:3      | Killed Terence
  1135 | D:3      | Reached XP level 4. HP: 15/41 MP: 4/4
  1243 | D:3      | Noticed a scorpion
  1254 | D:3      | Reached skill level 4 in Shields
  1263 | D:3      | Killed a scorpion
  1264 | D:3      | Reached skill level 5 in Axes
  1264 | D:3      | Reached XP level 5. HP: 39/47 MP: 5/5
  1505 | D:3      | Found Noetef's Antique Weapon Shoppe.
  1566 | D:3      | Found Ibamesk's Book Emporium.
  1910 | D:3      | Found Michovvat's Antique Weapon Emporium.
  1917 | D:3      | Reached skill level 5 in Fighting
  1918 | D:3      | Reached XP level 6. HP: 55/56 MP: 6/6
  2531 | D:4      | Found a hide-covered altar of Uskayaw.
  2578 | D:4      | Reached skill level 6 in Axes
  3089 | D:4      | Found Daomee Ranu's Antique Armour Emporium.
  3309 | D:4      | Found a shimmering blue altar of Sif Muna.
  3489 | D:4      | Reached skill level 7 in Axes
  3489 | D:4      | Reached skill level 5 in Shields
  3489 | D:4      | Reached XP level 7. HP: 57/61 MP: 7/7
  3889 | D:5      | Entered Level 5 of the Dungeon
  4062 | D:3      | Bought a shimmering war axe for 195 gold pieces
  4062 | D:3      | Identified the +6 war axe "Zeowuosso" {flame, rPois rF++
                  | Int+2 Dex-3} (You bought it in a shop on level 3 of the
                  | Dungeon)
  4195 | D:4      | Reached skill level 6 in Fighting
  4202 | D:4      | Reached skill level 8 in Axes
  4425 | D:5      | Found Fisymn's Armour Emporium.
  4497 | D:5      | Reached XP level 8. HP: 62/71 MP: 8/8
  4599 | D:5      | Reached skill level 6 in Shields
  4628 | D:5      | Reached skill level 9 in Axes
  4684 | D:5      | Found a staircase to the Ecumenical Temple.
  4739 | D:5      | Reached skill level 7 in Fighting
  4840 | D:6      | Reached skill level 10 in Axes
  5010 | D:6      | Became a worshipper of Beogh the Brigand
  5012 | D:6      | Noticed Edmund
  5020 | D:6      | Killed Edmund
  5034 | D:6      | Noticed a wraith
  5085 | D:6      | Killed a wraith
  5086 | D:6      | Reached XP level 9. HP: 70/79 MP: 9/9
  5147 | D:6      | Noticed Maggie
  5164 | D:6      | Killed Maggie
  5165 | D:6      | Reached skill level 4 in Armour
  5165 | D:6      | Reached skill level 7 in Shields
  5388 | D:6      | Reached skill level 11 in Axes
  5400 | D:6      | Reached skill level 8 in Fighting
  5634 | D:6      | Found a transporter.
  5670 | D:6      | Identified the amulet "Tapne" {rF+ Regen+ Slay+2}
  5684 | D:6      | Found a transporter.
  5702 | D:6      | Noticed Pikel
  5713 | D:6      | Killed Pikel
  5947 | D:6      | Noticed gareppa's ghost (novice GrFi)
  5947 | D:6      | Identified the +0 scale mail "Simumul" {*Corrode Str+4}
  5947 | D:6      | Identified the +1 buckler of Kettufopn {*Corrode Str+3
                  | Int+7 SInv}
  5998 | D:5      | Bought a +0 helmet for 54 gold pieces
  6072 | D:7      | Found a sand-covered staircase.
  6081 | Ossuary  | Entered an ossuary
  6197 | Ossuary  | Found an ancient bone altar of Kikubaaqudgha.
  6220 | Ossuary  | Reached * piety under Beogh
  6227 | Ossuary  | Reached skill level 5 in Armour
  6436 | D:7      | Reached skill level 12 in Axes
  6621 | D:7      | Reached XP level 10. HP: 85/90 MP: 10/10
  6776 | D:7      | Reached skill level 8 in Shields
  7379 | D:7      | Found a stormy altar of Qazlal.
  7532 | D:8      | Reached skill level 9 in Fighting
  7544 | D:8      | Noticed Erica
  7636 | D:8      | Killed Erica
  7637 | D:8      | Reached skill level 13 in Axes
  7637 | D:8      | Reached skill level 6 in Armour
  7637 | D:8      | Reached skill level 1 in Invocations
  7762 | D:8      | Noticed Joseph
  7787 | D:8      | Killed Joseph
  7788 | D:8      | Reached skill level 2 in Invocations
  7830 | D:8      | Reached ** piety under Beogh
  8196 | D:8      | Reached skill level 3 in Invocations
  8352 | D:8      | Noticed Gastronok
  8882 | D:8      | Killed Gastronok
  8883 | D:8      | Reached skill level 14 in Axes
  8883 | D:8      | Reached skill level 4 in Invocations
  8883 | D:8      | Reached XP level 11. HP: 99/99 MP: 12/14
  9126 | D:9      | Reached skill level 7 in Armour
  9126 | D:9      | Reached skill level 9 in Shields
  9156 | D:9      | Reached skill level 10 in Fighting
  9395 | D:9      | Noticed Harold
  9401 | D:9      | Killed Harold
  9402 | D:9      | Reached skill level 1 in Evocations
  9416 | D:9      | Found Jyqonean's Magic Scroll Shop.
  9425 | D:9      | Bought a scroll of fear for 60 gold pieces
  9425 | D:9      | Bought a scroll of blinking for 112 gold pieces
  9425 | D:9      | Bought a scroll of identify for 30 gold pieces
  9445 | D:9      | Noticed a two-headed ogre
  9455 | D:9      | Killed a two-headed ogre
  9456 | D:9      | Reached skill level 5 in Invocations
  9725 | D:9      | Found a shimmering altar of Xom.
  9731 | D:9      | Reached *** piety under Beogh
 10040 | D:10     | Entered Level 10 of the Dungeon
 10049 | D:10     | Noticed Nergalle
 10073 | D:10     | Reached skill level 2 in Evocations
 10115 | D:10     | Found a shadowy altar of Dithmenos.
 10118 | D:10     | Your ally Nergalle died
 10146 | D:10     | Noticed a two-headed ogre
 10151 | D:10     | Killed a two-headed ogre
 10152 | D:10     | Found a flagged portal.
 10198 | Bailey   | Entered a bailey
 10221 | Bailey   | Reached skill level 15 in Axes
 10608 | Bailey   | Identified the +5 acid dragon scales "Acabb" {rPois rC+
                  | rCorr}
 10694 | Bailey   | Noticed a two-headed ogre
 10699 | Bailey   | Killed a two-headed ogre
 10919 | Bailey   | Reached skill level 6 in Invocations
 11125 | D:10     | Reached skill level 3 in Evocations
 11176 | D:10     | Reached skill level 8 in Armour
 11176 | D:10     | Reached XP level 12. HP: 96/108 MP: 16/16
 11301 | D:10     | Found a staircase to the Lair.
 11355 | D:10     | Paralysed by a hornet for 1 turns
 11524 | D:10     | Reached skill level 11 in Fighting
 11606 | D:10     | Gained mutation: Your spells are a little easier to cast,
                  | but a little less powerful. [a neqoxec]
 11622 | D:10     | Reached skill level 10 in Shields
 11782 | D:10     | Noticed a centaur warrior
 11787 | D:10     | Killed a centaur warrior
 11867 | D:10     | Found a radiant altar of Vehumet.
 11894 | D:10     | Reached skill level 7 in Invocations
 12045 | D:10     | Reached skill level 16 in Axes
 12045 | D:10     | Reached skill level 4 in Evocations
 12417 | D:4      | Bought a pair of boots for 112 gold pieces
 12533 | Lair:1   | Entered Level 1 of the Lair of Beasts
 13278 | Lair:1   | Found a basalt altar of Yredelemnul.
 13737 | Lair:2   | Reached skill level 9 in Armour
 13829 | Lair:2   | Reached skill level 8 in Invocations
 13893 | Lair:2   | Noticed an eight-headed hydra
 13905 | Lair:2   | Killed a two-headed hydra
 13912 | Lair:2   | Reached XP level 13. HP: 55/117 MP: 15/19
 13915 | Lair:2   | Reached skill level 17 in Axes
 14537 | Lair:3   | Reached skill level 12 in Fighting
 14675 | Lair:3   | Reached skill level 11 in Shields
 14769 | Lair:3   | Found a hole to the Spider Nest.
 14826 | Lair:3   | Reached skill level 9 in Invocations
 14863 | Lair:3   | Found a staircase to the Shoals.
 15173 | Lair:4   | Reached skill level 18 in Axes
 15173 | Lair:4   | Reached skill level 10 in Armour
 15175 | Lair:4   | Identified the +3 scale mail of Hesesin {rElec rN+ Int-2}
 15259 | Lair:4   | Reached **** piety under Beogh
 15956 | Lair:5   | Entered Level 5 of the Lair of Beasts
 15975 | Lair:5   | Reached skill level 10 in Invocations
 15997 | Lair:5   | Reached skill level 13 in Fighting
 16071 | Lair:5   | Reached XP level 14. HP: 125/129 MP: 21/21
 16073 | Lair:5   | Reached skill level 12 in Shields
 16190 | Lair:5   | Reached skill level 11 in Invocations
 16236 | Lair:5   | Identified the +4 flail of Pusopis {spect, rN+ Int+2 Dex+2
                  | Stlth+}
 16287 | Lair:5   | Noticed Sonja
 16290 | Lair:5   | Killed Sonja
 16293 | Lair:5   | Noticed Snorg
 16301 | Lair:5   | Killed Snorg
 16462 | Lair:5   | Noticed a dire elephant
 16462 | Lair:5   | Noticed a dire elephant
 16462 | Lair:5   | Noticed a dire elephant
 16463 | Lair:5   | Noticed Josephine
 16653 | Lair:5   | Found a staircase to the Slime Pits.
 16654 | Lair:5   | Found a viscous altar of Jiyva.
 16983 | Lair:4   | Reached skill level 14 in Fighting
 17269 | D:11     | Found Uzeschea's Antique Weapon Boutique.
 17583 | D:11     | Found a staircase to the Orcish Mines.
 17859 | Orc:1    | Entered Level 1 of the Orcish Mines
 17985 | Orc:2    | Entered Level 2 of the Orcish Mines
 17987 | Orc:2    | Found a staircase to the Elven Halls.
 18148 | Orc:2    | Found Gaihefee's Book Shop.
 18254 | Orc:2    | Found Nokyoh's Distillery.
 18296 | Orc:2    | Reached skill level 12 in Invocations
 18340 | Orc:2    | Reached skill level 1 in Dodging
 18663 | Orc:1    | Gained Garbold as an ally
 18755 | Orc:1    | Found Hehimewk's Armour Emporium.
 19005 | Orc:2    | Your ally Garbold died
 19010 | Orc:2    | Found Pecel's Jewellery Shop.
 19015 | Orc:2    | Found Irodunor's Armour Shoppe.
 19015 | Orc:2    | Found Plog's Distillery.
 19127 | Orc:2    | Bought the ring "Egiloiru" {rElec Str+3 Int+2 Slay+4} for
                  | 1118 gold pieces
 19273 | D:12     | Reached skill level 13 in Shields
 19285 | D:12     | Gained Korbok as an ally
 19295 | D:12     | Reached skill level 2 in Dodging
 19320 | D:12     | Noticed Jorgrun
 19326 | D:12     | Killed Jorgrun
 19330 | D:12     | Reached skill level 5 in Evocations
 19448 | D:12     | Reached XP level 15. HP: 132/139 MP: 24/24
 19967 | D:12     | Reached skill level 3 in Dodging
 20398 | D:13     | Found a gate to the Vaults.
 20496 | D:13     | Reached skill level 11 in Armour
 20496 | D:13     | Reached skill level 13 in Invocations
 20719 | D:13     | Reached skill level 15 in Fighting
 20748 | D:13     | Reached skill level 6 in Evocations
 20775 | D:13     | Found a frozen archway.
 21011 | D:14     | Found an iron altar of Okawaru.
 21199 | D:14     | Reached ***** piety under Beogh
 21637 | D:15     | Entered Level 15 of the Dungeon
 21675 | D:15     | Reached skill level 4 in Dodging
 21870 | D:15     | Reached skill level 19 in Axes
 21913 | D:15     | Noticed Rupert
 21918 | D:15     | Killed Rupert
 22108 | D:15     | Found a staircase to the Depths.
 22116 | D:15     | Slain by an ettin

Illustrated notes

Levels and vault maps discovered:
D:1:      matt_arrival_grand_opening, layout_basic, minmay_misc_feat_plants
D:2:      layout_basic, kennysheep_generic_room_13
D:3:      layout_loops_corners, serial_rivers, chequers_serial_rivers_micro_b,
          chequers_serial_rivers_large_a, chequers_serial_rivers_small_a,
          chequers_serial_rivers_marsh, chequers_serial_rivers_micro_b,
          chequers_serial_rivers_micro_a, serial_shops, nicolae_shop_crystal,
          shop, shop, uniq_terence
D:4:      layout_basic, kennysheep_orc_sif_temple,
          mainiacjoe_overflow_tiny_flanked, serial_shops, kennysheep_mini,
          nrook_mini_backslash
D:5:      layout_layer_cave, minmay_temple_entry_statues_fountains,
          serial_shops, shop, st_stairs_1
D:6:      layout_loops_ring, gammafunk_ghost_gnarly_gnolls, uniq_pikel,
          uniq_maggie, uniq_edmund
D:7:      layout_loops_corners, marbit_many_paths,
          nicolae_ossuary_entry_monument
D:8:      layout_cave_pools, serial_bayou, serial_bayou_lagoon_b,
          serial_bayou_lagoon_a, serial_bayou_ford_a, serial_bayou_pond_a,
          serial_bayou_pond_b, uniq_joseph, uniq_gastronok, uniq_erica
D:9:      layout_basic, led_xom_imps, serial_shops, shop, uniq_harold
D:10:     layout_roguey, grunt_dithmenos_smoke, nicolae_vehumet_altar_sigil,
          grunt_lair_entry_orc_guard_hut, enter_bailey_5, special_room
          [special_room_kobold], nicolae_neqoxec_dot_bat, uniq_nergalle
D:11:     layout_loops_ring, hiddenorc1_lemuel, serial_shops, nicolae_shop_stone
D:12:     minmay_the_grid_plus [minmay_the_grid_plusring, minmay_the_grid_slots,
          minmay_the_grid_minigrid_large, minmay_the_grid_tri_star,
          minmay_the_grid_prize_big_room], layout_rooms, uniq_jorgrun
D:13:     layout_rooms, skrybe_vaults_entry_preservation, serial_ice,
          serial_ice_h, serial_ice_j, serial_ice_n, serial_ice_g, serial_ice_m,
          portal_ice_cave_entry_ice_simulacra
D:14:     layout_roguey, okawaru_metal_pillars_1_2
D:15:     hangedman_depths_entry_civil_slaughter, layout_stronghold,
          chequers_decorated_corner, uniq_rupert
Lair:1:   layout_loops_ring, basic_altar, serial_forest, infiniplex_forest_pool,
          infiniplex_forest_pool, infiniplex_forest_clump_small,
          infiniplex_forest_zigzag_2, infiniplex_forest_lined_room_2,
          infiniplex_forest_lined_room_3
Lair:2:   layout_regular_city, lemuel_fruit_fields, lemuel_fruit_tree
Lair:3:   layout_big_grid, minmay_shoals_entry_centaurs,
          spider_nest_entry_funnel_web
Lair:4:   layout_loops_ring, serial_bayou_pond_e, kennysheep_catoblepas_arena
Lair:5:   due_jungle_book, layout_gridlike, slime_entry_1,
          kennysheep_abandoned_house, grunt_megastairs_1, serial_bayou_shore_b,
          infiniplex_staircase_pool_2, uniq_josephine, uniq_snorg, uniq_sonja
Orc:1:    layout_diamond_mine, serial_shops, nicolae_shop_hallway_stairs
Orc:2:    st_orc_elflike, layout_diamond_mine, serial_shops, shop

Skill      XL: |  1  2  3  4  5  6  7  8  9 10 11 12 13 14 15 |
---------------+----------------------------------------------+-----
Axes           | 3 4 5 7 8 10 12 14 15 16 18 19 | 19.0
Fighting       | 4 5 6 7 8 9 10 11 13 14 15 | 15.2
Shields        | 4 5 6 7 8 9 10 11 13 | 13.8
Armour         | 5 6 8 9 10 11 | 11.4
Invocations    | 4 6 8 10 12 13 | 13.5
Evocations     | 3 4 5 6 |  6.5
Dodging        | 2 4 |  4.1

Action                     |  1- 3 |  4- 6 |  7- 9 | 10-12 | 13-15 || total
---------------------------+-------+-------+-------+-------+-------++-------
  Melee: War axe           |    72 |   101 |   194 |   482 |   858 ||  1707
  Throw: Dart              |       |     2 |       |     1 |       ||     3
 Invoke: Convert to Beogh  |       |       |     1 |       |       ||     1
         Smiting           |       |       |       |    16 |    31 ||    47
         Recall Orcish Fol |       |       |       |       |     4 ||     4
  Evoke: Wand              |       |       |       |     2 |       ||     2
    Use: Potion            |     1 |     1 |       |     5 |     1 ||     8
         Scroll            |       |     7 |     2 |    16 |    10 ||    35
   Stab: Distracted        |       |       |       |       |     3 ||     3
         Confused          |       |       |       |       |     2 ||     2
 Armour: Scale mail        |    57 |    71 |       |       |       ||   128
         Plate armour      |       |       |   153 |   110 |       ||   263
         Chain mail        |       |       |       |   207 |   514 ||   721
  Dodge: Dodged            |    36 |    44 |    39 |   177 |   408 ||   704
  Block: Buckler           |    20 |    26 |    43 |   123 |   258 ||   470

Table legend:
 A = Kills in this place as a percentage of kills in the entire game.
 B = Kills by you in this place as a percentage of kills by you in the entire game.
 C = Kills by friends in this place as a percentage of kills by friends in the entire game.
 D = Other kills in this place as a percentage of other kills in the entire game.
 E = Experience gained in this place as a percentage of experience gained in the entire game.
 F = Experience gained in this place divided by the number of levels of this place that you have seen.
                   A       B       C       D       E      F
               +-------+-------+-------+-------+-------+----------------------
         Total | 100.0 | 100.0 | 100.0 |   N/A | 100.0 | 5244.8
       Dungeon |  63.3 |  64.0 |  57.9 |   N/A |  57.3 | 4808.9
          Lair |  23.6 |  24.5 |  17.1 |   N/A |  33.2 | 8368.0
  Orcish Mines |   7.4 |   5.0 |  25.0 |   N/A |   7.3 | 4595.5
       Ossuary |   3.9 |   4.4 |   0.0 |   N/A |   0.2 | 245.0
        Bailey |   1.8 |   2.0 |   0.0 |   N/A |   2.0 | 2465.0
               +-------+-------+-------+-------+-------+----------------------

Table legend: (Time is in decaauts)
 A = Elapsed time spent in this place.
 B = Non-inter-level travel time spent in this place.
 C = Inter-level travel time spent in this place.
 D = Time resting spent in this place.
 E = Time spent auto-exploring this place.
 F = Levels seen in this place.
 G = Mean time per level.
                   A        B        C        D        E       F      G
               +--------+--------+--------+--------+--------+-----+--------+
         Total |  21954 |  20631 |   1323 |   2211 |  14658 |  24 |  914.8 |
       Dungeon |  15051 |  14066 |    985 |   1345 |  10250 |  15 | 1003.4 |
          Lair |   4483 |   4239 |    244 |     38 |   3454 |   5 |  896.6 |
  Orcish Mines |   1338 |   1245 |     93 |    233 |    727 |   2 |  669.0 |
       Ossuary |    248 |    248 |      0 |      0 |    137 |   1 |  248.0 |
        Bailey |    832 |    832 |      0 |    594 |     89 |   1 |  832.0 |
               +--------+--------+--------+--------+--------+-----+--------+

Top non-repeatable levels by time:
     D:4: 1622 daAuts
     D:3: 1572 daAuts
     D:8: 1506 daAuts
    D:10: 1489 daAuts
     D:7: 1410 daAuts
     D:6: 1264 daAuts
  Lair:1: 1111 daAuts
  Lair:5: 990 daAuts
     D:9: 921 daAuts
   Orc:2: 905 daAuts
  Lair:4: 901 daAuts
  Lair:2: 839 daAuts
  Bailey: 832 daAuts
    D:11: 808 daAuts
    D:12: 777 daAuts
